 Dungeon Crawl Stone Soup version 0.21.0-3-g78d12a8 (webtiles) character file.

275 dobroeutro the Slasher (level 6, 0/47 HPs)
             Began as a Demonspawn Fighter on Jan 12, 2018.
             Slain by an ogre
             ... wielding a cursed -3 giant club
              (23 damage)
             ... on level 4 of the Dungeon.
             The game lasted 00:03:30 (2646 turns).

dobroeutro the Slasher (Demonspawn Fighter)         Turns: 2646, Time: 00:03:31

Health: 0/47       AC:  7    Str: 19    XL:     6   Next: 3%
Magic:  6/6        EV:  7    Int:  9    God:
Gold:   173        SH:  9    Dex: 12    Spells: 5/5 levels left

rFire    . . .     SeeInvis .   a - +0 long sword
rCold    . . .     Gourm    .   c - +0 shield
rNeg     . . .     Faith    .   b - +0 scale mail
rPois    .         Spirit   .   (helmet restricted)
rElec    .         Reflect  .   (no cloak)
rCorr    .         Harm     .   k - +0 pair of gloves
MR       .....                  (no boots)
Stlth    ..........             (no amulet)
HPRegen  0.15/turn              (no ring)
MPRegen  0.10/turn              (no ring)

@: no status effects
A: antennae 1, demonic guardian 2, powered by death 1
a: no special abilities


You were on level 4 of the Dungeon.
You were not hungry.

You visited 1 branch of the dungeon, and saw 4 of its levels.

You collected 173 gold pieces.

Inventory:

Hand Weapons
 a - a +0 long sword (weapon)
Armour
 b - a +0 scale mail (worn)
 c - a +0 shield (worn)
 k - a +0 pair of gloves (worn)
Wands
 o - a wand of enslavement (19)
Scrolls
 i - a scroll of fear {unknown}
 j - 2 scrolls of teleportation {unknown}
 n - 2 scrolls of enchant armour {unknown}
Potions
 d - 2 potions of might
 e - 2 potions of curing {unknown}
 g - a potion of haste {unknown}
 h - a potion of agility {unknown}
 l - a potion of mutation {unknown}
 m - 2 potions of berserk rage {unknown}
 p - a potion of heal wounds {unknown}
 q - a potion of cancellation {unknown}
 r - a potion of lignification {unknown}
Comestibles
 f - 8 rations
 s - a chunk of flesh


   Skills:
 + Level 3.3 Fighting
 * Level 5.2 Long Blades
 + Level 3.0 Armour
 + Level 1.1 Dodging
 - Level 2.6 Shields


You had 5 spell levels left.
You didn't know any spells.

Dungeon Overview and Level Annotations

Branches:
Dungeon (4/15)             Temple (0/1) D:4

Altars:
Nemelex Xobeh
Uskayaw
Zin


Innate Abilities, Weirdness & Mutations

You have a pair of small antennae on your head.
A demonic guardian rushes to your aid.
You regenerate a little health from kills.


Message History

You eat one of the 2 chunks of flesh.
This raw flesh tastes terrible.
You feel sick.
Your shadow imp disappears in a puff of smoke!
You feel sick. x3
You are no longer poisoned.
You start resting.
An ogre comes into view. It is wielding a giant club.
The ogre shouts!
Your soul eater hits the ogre!
Your soul eater hits the ogre but does no damage.
There is an open door here.
Your soul eater disappears in a puff of smoke!
There is an open door here.
There is an open door here.
You see here 22 stones.
The ogre hits you with a giant club!!
You hit the ogre but do no damage.
The ogre is heavily wounded.
The ogre hits you with a giant club!!
You die...

#.###.######
#.# #.#
#......# #.#
..##....##.#
#.#
####.##.##.##
#.#
#.##.....#
#.####
#........#
#.(..#
########.#
####.#
#.########.#
#.....@O...#
#.##########
###


You could see an ogre.

Vanquished Creatures
  A hound (D:4)
  Jessica (D:2)
  2 worker ants (D:4)
  2 gnolls (D:4)
  4 adders
  An adder skeleton (D:4)
  2 worms
  3 dart slugs
  A leopard gecko (D:1)
  5 orcs
  5 bats
  3 giant cockroaches
  10 goblins
  6 hobgoblins
  4 jackals (D:2)
  4 frilled lizards
  8 kobolds
  2 rats
64 creatures vanquished.

Vanquished Creatures (collateral kills)
  A bullfrog skeleton (D:4)
  Natasha (D:2)
  A gnoll (D:4)
3 creatures vanquished.

Grand Total: 67 creatures vanquished

Notes
Turn   | Place    | Note
-------+----------+-------------------------------------------
     0 | D:1      | dobroeutro the Demonspawn Fighter began the quest for the Orb.
     0 | D:1      | Reached XP level 1. HP: 18/18 MP: 1/1
    41 | D:1      | Reached skill level 2 in Long Blades
    72 | D:1      | Gained mutation: You regenerate a little health from kills. [demonic ancestry]
    72 | D:1      | Reached XP level 2. HP: 15/24 MP: 2/2
   416 | D:1      | Reached skill level 3 in Long Blades
   450 | D:1      | Gained mutation: You have a pair of small antennae on your head. [demonic ancestry]
   450 | D:1      | Reached XP level 3. HP: 26/29 MP: 3/3
   979 | D:2      | Noticed Jessica
   983 | D:2      | Killed Jessica
   983 | D:2      | Reached skill level 4 in Long Blades
   983 | D:2      | Gained mutation: A weak demonic guardian rushes to your aid. [demonic ancestry]
   983 | D:2      | Reached XP level 4. HP: 34/35 MP: 4/4
  1131 | D:2      | Noticed Natasha
  1136 | D:2      | Killed Natasha
  1582 | D:3      | Found a hide-covered altar of Uskayaw.
  1582 | D:3      | Found a glowing silver altar of Zin.
  1584 | D:3      | Found a sparkling altar of Nemelex Xobeh.
  2041 | D:3      | Reached XP level 5. HP: 41/41 MP: 5/5
  2380 | D:4      | Reached skill level 5 in Long Blades
  2414 | D:4      | Found a staircase to the Ecumenical Temple.
  2432 | D:4      | Reached skill level 1 in Dodging
  2447 | D:4      | Gained mutation: A demonic guardian rushes to your aid. [demonic ancestry]
  2447 | D:4      | Reached XP level 6. HP: 21/47 MP: 6/6
  2646 | D:4      | Slain by an ogre

Skill      XL: |  1  2  3  4  5 |
---------------+----------------+-----
Long Blades    | 2 3 4 5 |  5.2
Armour         | 3 |  3.0
Dodging        | 1 |  1.1
Fighting       | |  3.3
Shields        | |  2.6

Action                   |  1- 3 |  4- 6 || total
-------------------------+-------+-------++-------
Melee: Long sword        |   142 |   104 ||   246
  Eat: Chunk             |       |     6 ||     6
Armor: Scale mail        |   104 |    38 ||   142
Dodge: Dodged            |    36 |    25 ||    61
Block: Shield            |    86 |    49 ||   135
       Rpst.: Long sword |    11 |     9 ||    20
